 Dungeon Crawl Stone Soup version 0.19.0-23-gf02e663 (webtiles) character file.

28 Antunes the Sneak (level 2, -1/22 HPs)
             Began as a Vampire Assassin on Nov 19, 2016.
             Slain by a gnoll
             ... wielding a +0 flail
              (15 damage)
             ... on level 1 of the Dungeon.
             The game lasted 00:04:59 (829 turns).

Antunes the Sneak (Vampire Assassin)                 Turns: 829, Time: 00:05:00

Health: -1/22      AC:  4    Str: 10    XL:     2   Next: 96%
Magic:  2/2        EV: 12    Int: 13    God:
Gold:   37         SH:  0    Dex: 15    Spells: 0 memorised, 1 level left

rFire  . . .     SeeInvis +     a - +2 dagger
rCold  . . .     Gourm    .     c - +0 robe
rNeg   + . .     Faith    .     (no shield)
rPois  .         Spirit   .     (no helmet)
rElec  .         Reflect  .     d - +0 cloak
rCorr  .         Harm     .     (no gloves)
MR     .....                    h - +0 pair of boots
Stlth  +++.......               (no amulet)
                                (no ring)
                                (no ring)

@: no status effects
A: fangs 3, see invisible, unbreathing
a: no special abilities


You were on level 1 of the Dungeon.
You were not thirsty.

You visited 1 branch of the dungeon, and saw 2 of its levels.

You collected 37 gold pieces.

Inventory:

Hand Weapons
 a - a +2 dagger (weapon)
 b - a +0 blowgun
 i - a +0 short sword
   (You took it off a kobold on level 1 of the Dungeon)
Missiles
 e - 8 poisoned needles
 f - 2 curare-tipped needles
 p - 24 sling bullets
Armour
 c - a +0 robe (worn)
 d - a +0 cloak (worn)
 h - a +0 pair of boots (worn)
   (You found it on level 1 of the Dungeon)
Jewellery
 m - an uncursed ring of wizardry {unknown}
   (You found it on level 1 of the Dungeon)
Potions
 g - 5 potions of blood
 j - a potion of degeneration {unknown}
 k - a potion of ambrosia {unknown}
 l - 2 potions of mutation {unknown}
 o - a potion of flight {unknown}


   Skills:
 * Level 2.1 Fighting
 * Level 2.4 Short Blades
 * Level 1.7 Throwing
 * Level 1.5 Dodging
 + Level 6.5 Stealth


You had one spell level left.
You didn't know any spells.

Dungeon Overview and Level Annotations

Branches:
Dungeon (2/15)

Altars:
Qazlal


Innate Abilities, Weirdness & Mutations

You have razor-sharp teeth.
You have supernaturally acute eyesight. (SInv)
You can survive without breathing.


Message History

A goblin comes into view. It is wielding a club.
The helpless goblin fails to defend itself.
You impale the goblin!!
You kill the goblin!
You see here a club.
k - an inky potion A bat comes into view.
Found 13 stones.
The helpless bat fails to defend itself.
You impale the bat!!
You kill the bat!
A leopard gecko comes into view.
The leopard gecko hisses angrily.
You hit the leopard gecko.
The leopard gecko is heavily wounded.
The leopard gecko bites you.
You closely miss the leopard gecko.
The leopard gecko is heavily wounded.
The leopard gecko bites you.
You hit the leopard gecko.
You kill the leopard gecko!
You see here a leopard gecko corpse.
You bottle the corpse's blood.
g - 5 potions of blood (gained 1)
You see here a leopard gecko skeleton.
HP restored.
The hobgoblin is too close now for your liking. 2 hobgoblins come into view.
The gnoll shouts!
A hobgoblin comes into view. It is wielding a club.
The hobgoblin shouts!
The hobgoblin shouts!
The hobgoblin throws a stone.
The stone hits you but does no damage.
You see here a stone.
There is a stone staircase leading up here.
The gnoll hits you but does no damage.
You climb upwards.
There is a stone staircase leading down here.
You hit the gnoll but do no damage. You barely miss the gnoll.
The gnoll misses you.
You hit the gnoll.
The gnoll is lightly wounded.
The gnoll hits you with a flail!
You barely miss the gnoll. Your bite misses the gnoll.
The gnoll is lightly wounded.
You barely miss the gnoll. You bite the gnoll.
The gnoll is moderately wounded.
The gnoll hits you with a flail!
Ouch! That really hurt!
You die...

###.#####........#
#.####..# ###.#
#..#######
#.......# ....#
#........#
#######.## ....#
########.#
#.......# #####
#.# #.####### #
#.# #.# # #.# #.#
# #g# #.# # #@#
#.# ########## #.#
#.# .......... #.#
#.# ##........
#.###.## #.#######
#.##...#### #.#
#....#....# #.#
###########...##.#
#.#
#............###.#
### #.#
#..#.........# #.#
#..


You could see a gnoll.

Vanquished Creatures
  Monster Symbol All 'J'
  An ooze (D:1)
1 creature vanquished. All 'K' 2 kobolds (D:1 D:2)
2 creatures vanquished. All 'b' 3 bats (D:1 D:2)
3 creatures vanquished. All 'g' 3 goblins (D:1 D:2) 2 hobgoblins (D:2)
5 creatures vanquished. All 'l' 2 leopard geckos (D:1 D:2) A frilled lizard (D:2)
3 creatures vanquished. All 'r' A quokka (D:2) A rat (D:2)
2 creatures vanquished. All 'w' A dart slug (D:2)
1 creature vanquished.
17 creatures vanquished. Monster Nature Natural Monsters An ooze (D:1) A dart slug (D:2) 2 leopard geckos (D:1 D:2) 3 goblins (D:1 D:2) 2 hobgoblins (D:2) A quokka (D:2) 3 bats (D:1 D:2) A frilled lizard (D:2) 2 kobolds (D:1 D:2) A rat (D:2)
17 creatures vanquished.
17 creatures vanquished. Ascending Order An ooze (D:1) A dart slug (D:2) A quokka (D:2) A frilled lizard (D:2) A rat (D:2) 2 leopard geckos (D:1 D:2) 2 hobgoblins (D:2) 2 kobolds (D:1 D:2) 3 goblins (D:1 D:2) 3 bats (D:1 D:2)
17 creatures vanquished.

Notes
Turn   | Place    | Note
-------+----------+-------------------------------------------
     0 | D:1      | Antunes the Vampire Assassin began the quest for the Orb.
     0 | D:1      | Reached XP level 1. HP: 16/16 MP: 1/1
    62 | D:1      | Reached skill level 6 in Stealth
   114 | D:1      | Reached skill level 2 in Fighting
   114 | D:1      | Reached XP level 2. HP: 20/22 MP: 2/2
   500 | D:2      | Found a stormy altar of Qazlal.
   829 | D:1      | Slain by a gnoll

Skill      XL: |  1 |
---------------+----+-----
Stealth        | 6 |  6.5
Fighting       | 2 |  2.1
Short Blades   | |  2.4
Throwing       | |  1.7
Dodging        | |  1.5

Action                   || total
-------------------------++-------
Melee: Dagger            ||    43
       Bite              ||     6
  Use: Scroll            ||     4
 Stab: Sleeping          ||     5
Armor: Robe              ||     8
Dodge: Dodged            ||    21
Dungeon Crawl Stone Soup version 0.19.0-23-gf02e663 (webtiles) character file. 28 Antunes the Sneak (level 2, -1/22 HPs) Began as a Vampire Assassin on Nov 19, 2016. Slain by a gnoll ... wielding a +0 flail (15 damage) ... on level 1 of the Dungeon. The game lasted 00:04:59 (829 turns). Dungeon Overview and Level Annotations Branches: Dungeon (2/15) Altars: Qazlal Antunes the Sneak (Vampire Assassin) Turns: 829, Time: 00:05:00 Health: -1/22 AC: 4 Str: 10 XL: 2 Next: 96% Magic: 2/2 EV: 12 Int: 13 God: Gold: 37 SH: 0 Dex: 15 Spells: 0 memorised, 1 level left rFire . . . SeeInvis + a - +2 dagger rCold . . . Gourm . c - +0 robe rNeg + . . Faith . (no shield) rPois . Spirit . (no helmet) rElec . Reflect . d - +0 cloak rCorr . Harm . (no gloves) MR ..... h - +0 pair of boots Stlth +++....... (no amulet) (no ring) (no ring) @: no status effects A: fangs 3, see invisible, unbreathing a: no special abilities Innate Abilities, Weirdness & Mutations You have razor-sharp teeth. You have supernaturally acute eyesight. (SInv) You can survive without breathing. Skills: * Level 2.1 Fighting * Level 2.4 Short Blades * Level 1.7 Throwing * Level 1.5 Dodging + Level 6.5 Stealth You had one spell level left. You didn't know any spells. You were on level 1 of the Dungeon. You were not thirsty. You visited 1 branch of the dungeon, and saw 2 of its levels. You collected 37 gold pieces. You could see a gnoll. Message History A goblin comes into view. It is wielding a club. The helpless goblin fails to defend itself. You impale the goblin!! You kill the goblin! You see here a club. k - an inky potion A bat comes into view. Found 13 stones. The helpless bat fails to defend itself. You impale the bat!! You kill the bat! A leopard gecko comes into view. The leopard gecko hisses angrily. You hit the leopard gecko. The leopard gecko is heavily wounded. The leopard gecko bites you. You closely miss the leopard gecko. The leopard gecko is heavily wounded. The leopard gecko bites you. You hit the leopard gecko. You kill the leopard gecko! You see here a leopard gecko corpse. You bottle the corpse's blood. g - 5 potions of blood (gained 1) You see here a leopard gecko skeleton. HP restored. The hobgoblin is too close now for your liking. 2 hobgoblins come into view. The gnoll shouts! A hobgoblin comes into view. It is wielding a club. The hobgoblin shouts! The hobgoblin shouts! The hobgoblin throws a stone. The stone hits you but does no damage. You see here a stone. There is a stone staircase leading up here. The gnoll hits you but does no damage. You climb upwards. There is a stone staircase leading down here. You hit the gnoll but do no damage. You barely miss the gnoll. The gnoll misses you. You hit the gnoll. The gnoll is lightly wounded. The gnoll hits you with a flail! You barely miss the gnoll. Your bite misses the gnoll. The gnoll is lightly wounded. You barely miss the gnoll. You bite the gnoll. The gnoll is moderately wounded. The gnoll hits you with a flail! Ouch! That really hurt! You die...

Action                   || total
-------------------------++-------
Melee: Dagger            ||    43
       Bite              ||     6
  Use: Scroll            ||     4
 Stab: Sleeping          ||     5
Armor: Robe              ||     8
Dodge: Dodged            ||    21
Notes Turn | Place | Note
-------+----------+-------------------------------------------
0 | D:1 | Antunes the Vampire Assassin began the quest for the Orb. 0 | D:1 | Reached XP level 1. HP: 16/16 MP: 1/1 62 | D:1 | Reached skill level 6 in Stealth 114 | D:1 | Reached skill level 2 in Fighting 114 | D:1 | Reached XP level 2. HP: 20/22 MP: 2/2 500 | D:2 | Found a stormy altar of Qazlal. 829 | D:1 | Slain by a gnoll

Table legend:
 A = Turns spent in this place as a percentage of turns spent in the entire game.
 B = Non-inter-level travel turns spent in this place as a percentage of non-inter-level travel turns spent in the entire game.
 C = Inter-level travel turns spent in this place as a percentage of turns spent in this place.
 D = Turns resting spent in this place as a percentage of non-inter-level travel turns spent in this place.
 E = Turns spent auto-exploring this place as a percentage of non-inter-level travel turns spent in this place.
 F = Non-inter-level travel turns spent in this place divided by the number of levels of this place that you've seen.
                   A       B       C       D       E      F
               +-------+-------+-------+-------+-------+----------------------
         Total | 100.0 | 100.0 |   0.0 |   0.0 |   8.1 | 209.5
       Dungeon | 100.0 | 100.0 |   0.0 |   0.0 |   8.1 | 209.5
               +-------+-------+-------+-------+-------+----------------------

Table legend:
 A = Kills in this place as a percentage of kills in entire the game.
 B = Kills by you in this place as a percentage of kills by you in the entire game.
 C = Kills by friends in this place as a percentage of kills by friends in the entire game.
 D = Other kills in this place as a percentage of other kills in the entire game.
 E = Experience gained in this place as a percentage of experience gained in the entire game.
 F = Experience gained in this place divided by the number of levels of this place that you have seen.
                   A       B       C       D       E      F
               +-------+-------+-------+-------+-------+----------------------
         Total | 100.0 | 100.0 |  -nan |  -nan | 100.0 |  20.0
       Dungeon | 100.0 | 100.0 |  -nan |  -nan | 100.0 |  20.0
               +-------+-------+-------+-------+-------+----------------------

Vault maps used:
D:1:      scummos_arrival_forest, serial_bayou_lagoon_a
D:2:      nicolae_overflow_hidden_temple, kennysheep_cluttered_room,
          grunt_ministairs_10, lemuel_flame_loot_1
